 Dungeon Crawl Stone Soup version 0.28.0-53-g5a82cb258f (webtiles) character file.

Game seed: 938055948661730736

728 issech the Chopper (level 7, -7/62 HPs)
             Began as a Minotaur Monk on May 28, 2022.
             Shot with an arrow by a centaur (8 damage)
             ... on level 5 of the Dungeon.
             The game lasted 00:10:49 (5021 turns).

issech the Chopper (Minotaur Monk)                  Turns: 5021, Time: 00:10:50

Health: -7/62      AC: 13    Str: 16    XL:     7   Next: 44%
Magic:  6/6        EV:  6    Int:  7    God:
Gold:   289        SH:  0    Dex: 14    Spells: 6/6 levels left

rFire   . . .      SeeInvis .   z - +4 hand axe (vorpal)
rCold   . . .      Faith    .   (no shield)
rNeg    . . .      Spirit   .   c - +0 plate armour
rPois   .          Reflect  .   (helmet restricted)
rElec   .          Harm     .   s - +0 cloak
rCorr   .          Rampage  .   (no gloves)
Will    .....                   (no boots)
Stlth   ..........              (no amulet)
HPRegen 0.20/turn               (no ring)
MPRegen 0.10/turn               (no ring)

@: lethally poisoned (-7 -> -10)
A: horns 2, retaliatory headbutt
a: no special abilities


You were on level 5 of the Dungeon.
You visited 2 branches of the dungeon, and saw 6 of its levels.

You collected 289 gold pieces.

Inventory:

Hand Weapons
 d - a +2 dagger of venom
 r - a +0 shortbow
 t - a +4 quarterstaff of chaos
 v - a +0 trident
 z - a +4 vorpal hand axe (weapon)
 C - a +2 vorpal falchion
 F - a +0 flail
Missiles
 e - 19 poisoned darts (quivered)
 k - 71 stones
 m - 2 silver javelins
 n - 31 arrows
 D - 2 boomerangs
Armour
 b - a +0 robe
 c - a +0 plate armour (worn)
 i - a +0 chain mail
 p - a +0 chain mail
 s - a +0 cloak (worn)
 w - a +0 chain mail
 A - a +0 helmet
Scrolls
 a - a scroll of teleportation {unknown}
 h - a scroll of magic mapping {unknown}
 l - 3 scrolls of identify {unknown}
 q - a scroll of enchant armour {unknown}
 u - a scroll of amnesia {unknown}
 x - a scroll of vulnerability {unknown}
 y - a scroll of brand weapon {unknown}
 B - a scroll of blinking {unknown}
Potions
 f - a potion of curing {unknown}
 g - a potion of attraction {unknown}
 j - a potion of might
 o - a potion of haste {unknown}
 E - a potion of berserk rage {unknown}


   Skills:
 + Level 5.8 Fighting
 + Level 2.5 Short Blades
 + Level 7.0 Axes
 + Level 4.7 Armour
 + Level 3.9 Dodging
 + Level 1.5 Stealth


You had 6 spell levels left.
You didn't know any spells.
Your spell library contained the following spells:

 Spells                   Type           Power      Damage    Failure   Level
 Beastly Appendage        Tmut           0%         N/A       100%        1
 Wereblood                Tmut           0%         N/A       100%        2
 Ignite Poison            Fire/Tmut/Pois 0%         N/A       100%        3
 Mephitic Cloud           Conj/Pois/Air  0%         N/A       100%        3
 Spider Form              Tmut/Pois      0%         N/A       100%        3
 Animate Armour           Summ/Erth      0%         N/A       100%        4
 Blade Hands              Tmut           0%         N/A       100%        5
 Freezing Cloud           Conj/Ice/Air   0%         6-21      100%        5
 Iron Shot                Conj/Erth      0%         9d1       100%        6


Dungeon Overview and Level Annotations

Branches:
Dungeon (5/15)             Temple (1/1) D:5

Altars:
Ashenzari
Cheibriados
Elyvilon
Fedhas
Gozag
Nemelex Xobeh
Okawaru
Qazlal
Ru
Trog
Uskayaw
Vehumet
Wu Jian
Xom
Yredelemnul
Zin


Innate Abilities, Weirdness & Mutations

You have a pair of horns on your head.
You reflexively headbutt those who attack you in melee.


Message History

You headbutt the centaur. The centaur kicks you.
The gnoll hits you but does no damage.
The gnoll sergeant hits you but does no damage.
You are poisoned.
The centaur hits you. The centaur kicks you.
You feel very sick.
The centaur hits you but does no damage.
The centaur closely misses you.
You hit the centaur but do no damage.
The centaur is severely wounded.
You feel sick.
The centaur hits you but does no damage.
The centaur barely misses you.
The gnoll hits you from afar with a +0 spear.
The centaur hits you but does no damage.
The centaur kicks you but does no damage.
You hit the centaur.
The centaur is severely wounded.
You feel sick. The centaur hits you. The centaur barely misses you.
The gnoll hits you but does no damage.
The gnoll sergeant hits you from afar with a +2 spear of venom.
You are more poisoned.
You feel very sick.
The centaur wields a +0 shortbow.
The centaur shoots an arrow.
The arrow hits you!
You feel sick.
The centaur shoots an arrow.
The arrow hits you.
* * * LOW HITPOINT WARNING * * *
The centaur shoots an arrow.
The arrow hits you.
* * * LOW HITPOINT WARNING * * *
* * * LOW HITPOINT WARNING * * *
You feel sick.
Found an escape hatch in the ceiling.
* * * LOW HITPOINT WARNING * * *
You feel sick.
The centaur shoots an arrow.
The arrow hits you but does no damage.
You feel sick.
The centaur shoots an arrow.
The arrow hits you.
* * * LOW HITPOINT WARNING * * *
* * * LOW HITPOINT WARNING * * *
You feel sick.
The centaur shoots an arrow.
The arrow hits you!
You die...

#.....##.#.#.._..#.#.#
####.###.#.#...$.#...#
####.###[#.#.....#...#
.......#.#.###'###...#
..............c......#
#............##....#.#
.#####....g###......#
#.##>g####.....# #.
##..Wo.@....# #.
#o####.....# #. ...
<........ ##
##.###.#.###.. ..
..#.# . .#####.# .. .#


You could see a phantom, a centaur, a gnoll and 2 orcs.

Vanquished Creatures
  A necrophage (D:2)
  An ogre (D:5)
  A centaur (D:5)
  2 scorpions
  A hound (D:5)
  A jelly (D:4)
  Crazy Yiuf (D:3)
  2 orc priests
  Terence (D:3)
  2 orc wizards (D:5)
  A hound zombie (D:5)
  A gnoll (Temple)
  An adder (D:4)
  An ufetubus (D:4)
  An adder skeleton (D:4)
  2 worms
  A dart slug (D:1)
  10 orcs
  5 ball pythons
  7 bats
  8 endoplasms
  12 hobgoblins
  5 jackals
  6 kobolds
  4 quokkas
  2 frilled lizards
  8 goblins
  2 rats
90 creatures vanquished.

Vanquished Creatures (others)
  5 plants (D:4)
5 creatures vanquished.

Grand Total: 95 creatures vanquished

Notes
Turn   | Place    | Note
-------+----------+-------------------------------------------
     0 | D:1      | issech the Minotaur Monk began the quest for the Orb.
     0 | D:1      | Reached XP level 1. HP: 19/19 MP: 0/0
   236 | D:1      | Reached XP level 2. HP: 27/27 MP: 1/1
   271 | D:1      | Reached skill level 4 in Axes
   447 | D:1      | Found a faded altar of an unknown god.
   627 | D:1      | Reached XP level 3. HP: 28/34 MP: 2/2
  1030 | D:2      | Noticed a necrophage
  1051 | D:2      | Killed a necrophage
  1052 | D:2      | Reached skill level 1 in Short Blades
  1052 | D:2      | Reached skill level 1 in Armour
  1052 | D:2      | Reached XP level 4. HP: 8/41 MP: 3/3
  1738 | D:3      | Found a runed translucent door.
  1739 | D:3      | Noticed Crazy Yiuf
  1747 | D:3      | Killed Crazy Yiuf
  1748 | D:3      | Reached XP level 5. HP: 20/47 MP: 0/4
  2994 | D:3      | Noticed Terence
  3004 | D:3      | Killed Terence
  3005 | D:3      | Reached skill level 5 in Axes
  3332 | D:4      | Reached XP level 6. HP: 41/55 MP: 5/5
  3439 | D:5      | Entered Level 5 of the Dungeon
  3466 | D:4      | Reached skill level 5 in Fighting
  4156 | D:5      | Reached skill level 6 in Axes
  4156 | D:5      | Reached XP level 7. HP: 29/61 MP: 6/6
  4414 | D:5      | Found a staircase to the Ecumenical Temple.
  4424 | D:5      | Reached skill level 7 in Axes
  4427 | D:5      | Found a white marble altar of Elyvilon.
  4434 | Temple   | Entered the Ecumenical Temple
  5020 | D:5      | HP: 2/62 [centaur/arrow (4)]
  5021 | D:5      | Shot with an arrow by a centaur

Illustrated notes

Levels and vault maps discovered:
D:1:      dpeg_arrival_tiny_i, layout_basic, ebering_ecumenical_altar_petrified
D:2:      layout_loops_corners
D:3:      minmay_evil_eye, layout_loops_cross, kennysheep_generic_room_11,
          uniq_terence, uniq_crazy_yiuf_cottage
D:4:      layout_rooms, serial_bayou, serial_bayou_pond_b,
          serial_bayou_lagoon_b, serial_bayou_pond_c, serial_bayou_lagoon_a
D:5:      layout_loops_ring, amcnicky_altar_gilded, lemuel_doored_altar,
          minmay_temple_entry_proselytizer, minmay_crossroads, uniq_sigmund
Temple:   regret_index_temple_generic_petals

Skill      XL: |  1  2  3  4  5  6  7 |
---------------+----------------------+-----
Fighting       | 4 5 |  5.8
Axes           | 4 5 6 7 |  7.0
Short Blades   | 1 2 |  2.5
Armour         | 1 2 3 4 |  4.7
Dodging        | |  3.9
Stealth        | |  1.5

Action                   |  1- 3 |  4- 6 |  7- 9 || total
-------------------------+-------+-------+-------++-------
Melee: Hand axe          |    16 |   101 |    37 ||   154
       Dagger            |    56 |    17 |       ||    73
       Headbutt          |    10 |    18 |     4 ||    32
       Punch             |     1 |     1 |       ||     2
Armor: Plate armour      |    40 |    62 |    42 ||   144
       Robe              |     5 |       |       ||     5
Dodge: Dodged            |    22 |    37 |    17 ||    76
